 Dungeon Crawl Stone Soup version 0.28.0-49-g6dfe1f597d (webtiles) character file.

Game seed: 7051297183274251560

291 Aphynety the Firebug (level 6, -8/45 HPs)
             Began as a Draconian Fire Elementalist on May 15, 2022.
             Was a Follower of Makhleb.
             Mangled by a thrashing horror (9 damage)
             ... created by the touch of Lugonu
             ... on level 4 of the Dungeon on May 16, 2022.
             The game lasted 00:29:27 (3898 turns).

Aphynety the Firebug (Draconian Fire Elementalist)  Turns: 3898, Time: 00:29:27

Health: -8/45      AC:  7    Str: 10    XL:     6   Next: 10%
Magic:  2/10       EV: 16    Int: 17    God:    Makhleb [*.....]
Gold:   105        SH:  0    Dex: 12    Spells: 8/11 levels left

rFire   . . .      SeeInvis .   (no weapon)
rCold   . . .      Faith    .   (no shield)
rNeg    . . .      Spirit   .   (armour unavailable)
rPois   +          Reflect  .   (helmet restricted)
rElec   .          Harm     .   (no cloak)
rCorr   .          Rampage  .   (no gloves)
Will    .....                   g - +0 pair of boots
Stlth   ++........              (no amulet)
HPRegen 0.15/turn               d - +4 ring of evasion
MPRegen 0.12/turn               c - ring of poison resistance

@: no status effects
A: AC +6, unfitting armour, cold-blooded
a: Renounce Religion


You were on level 4 of the Dungeon.
You worshipped Makhleb.
Makhleb was aware of your devotion.
You visited 1 branch of the dungeon, and saw 4 of its levels.

You collected 105 gold pieces.

Inventory:

Armour
 g - a +0 pair of boots (worn)
Jewellery
 b - a ring of resist corrosion
 c - a ring of poison resistance (right hand)
 d - a +4 ring of evasion (left hand)
 k - an amulet of guardian spirit
 n - a +4 ring of protection
Wands
 f - a wand of mindburst (3)
 j - a wand of acid (10)
Scrolls
 a - a scroll of fog {unknown}
 e - 2 scrolls of fear
 l - a scroll of immolation {unknown}
Potions
 h - 2 potions of flight
 i - a potion of heal wounds {unknown}
 m - a potion of curing {unknown}
 o - a potion of lignification


   Skills:
 + Level 3.1 Dodging
 + Level 3.2 Stealth
 + Level 3.1 Spellcasting
 + Level 2.7 Conjurations
 + Level 4.0 Fire Magic


You had 8 spell levels left.
You knew the following spells:

 Your Spells              Type           Power      Damage    Failure   Level
a - Foxfire               Conj/Fire      56%        2x1d6     4%          1
b - Scorch                Fire           32%        2d7       4%          2

Your spell library contained the following spells:

 Spells                   Type           Power      Damage    Failure   Level
 Conjure Flame            Conj/Fire      14%        6-21      13%         3
 Inner Flame              Hex/Fire       9%         N/A       22%         3
 Flame Wave               Conj/Fire      14%        2d6       38%         4


Dungeon Overview and Level Annotations

Branches:
Dungeon (4/15)
 Temple: D:4-7

Altars:
Dithmenos
Makhleb
Nemelex Xobeh


Innate Abilities, Weirdness & Mutations

Your plain brown scales are hard. (AC +6)
You cannot fit into any form of body armour.
You are cold-blooded and may be slowed by cold attacks.


Message History

The thrashing horror roars!
The thrashing horror misses you. The thrashing horror tramples you.
You are shoved backwards!
You feel less confused.
The thrashing horror tramples you but does no damage.
The thrashing horror tramples you.
You stumble backwards!
The thrashing horror roars!
The thrashing horror completely misses you.
The thrashing horror tramples you but does no damage.
The thrashing horror closely misses you.
The thrashing horror tramples you.
* * * LOW HITPOINT WARNING * * *
You stumble backwards!
The thrashing horror roars!
You hear a shout!
The thrashing horror tramples you.
* * * LOW HITPOINT WARNING * * *
You hold your ground!
The thrashing horror barely misses you. The thrashing horror tramples you.
* * * LOW HITPOINT WARNING * * *
You stumble backwards!
The thrashing horror roars!
The orc shouts!
The thrashing horror misses you.
The thrashing horror tramples you but does no damage.
The thrashing horror closely misses you.
The thrashing horror tramples you.
* * * LOW HITPOINT WARNING * * *
You stumble backwards!
The orc wizard closely misses you.
A kobold comes into view. It is wielding a +0 whip.
The thrashing horror tramples you but does no damage.
The thrashing horror tramples you.
* * * LOW HITPOINT WARNING * * *
You stumble backwards!
The orc wizard hits you but does no damage.
You are too injured to fight recklessly!
Casting: Foxfire (safe; 4% risk of failure)
Confirm with . or Enter, or press ? or * to list all spells.
You conjure some foxfire!
The kobold shouts!
The thrashing horror tramples you!
You die...

............# #....##...........
............####..........<......
............K.#..##..........#...
#.........###g.g..#.$........#...
............#.##..#.....##......<
..............##.##..... ##......
..............##.#......###....##
........##..####vo.......#...##..
........#..## #.@X...........)#..
......##.... #v.o....$..........
...#####..... ####..............#
..# # ## #............##
..<........... .#K...........
#............ ##...........
#.###.......


You could see a thrashing horror, an orc wizard (ally target), an orc, a
hobgoblin and a kobold.

Vanquished Creatures
  A water moccasin skeleton (D:4)
  An orc priest (D:4)
  Ijyb (D:3)
  Terence (D:3)
  Natasha (D:3)
  Robin (D:3)
  3 adders (D:2)
  An adder skeleton (D:4)
  3 dart slugs
  6 orcs (D:3)
  9 bats
  6 endoplasms
  3 giant cockroaches
  12 goblins
  5 hobgoblins
  2 jackals (D:1)
  3 kobolds
  3 quokkas
  12 ball pythons
  4 frilled lizards
  8 rats
86 creatures vanquished.

Vanquished Creatures (others)
  A ball python (D:4)
  263 foxfires
  6 plants (D:3)
  7 toadstools (D:1)
277 creatures vanquished.

Grand Total: 363 creatures vanquished

Notes
Turn   | Place    | Note
-------+----------+-------------------------------------------
     0 | D:1      | Aphynety the Draconian Fire Elementalist began the quest
                  | for the Orb.
     0 | D:1      | Reached XP level 1. HP: 14/14 MP: 3/3
   422 | D:1      | Reached XP level 2. HP: 20/20 MP: 0/5
  1047 | D:1      | Found a faded altar of an unknown god.
  1176 | D:1      | Prayed at the altar of an unknown god.
  1176 | D:1      | Became a worshipper of Nemelex Xobeh the Trickster
  1176 | D:1      | Reached * piety under Nemelex Xobeh
  1188 | D:2      | Received a gift from Nemelex Xobeh
  1294 | D:2      | Reached XP level 3. HP: 26/26 MP: 2/6
  1695 | D:2      | Reached XP level 4. HP: 33/33 MP: 4/7
  2102 | D:3      | Found a burning altar of Makhleb.
  2118 | D:3      | Fell from the grace of Nemelex Xobeh
  2118 | D:3      | Became a worshipper of Makhleb the Destroyer
  2189 | D:3      | Noticed Robin
  2231 | D:3      | Killed Robin
  2355 | D:3      | Found a shadowy altar of Dithmenos.
  2794 | D:3      | Noticed Ijyb
  2794 | D:3      | Noticed Terence
  2809 | D:3      | Killed Ijyb
  2810 | D:3      | Reached XP level 5. HP: 38/38 MP: 3/9
  2824 | D:3      | Killed Terence
  3210 | D:3      | Reached * piety under Makhleb
  3285 | D:3      | Noticed Natasha
  3294 | D:3      | Killed Natasha
  3673 | D:3      | Learned a level 2 spell: Scorch
  3737 | D:4      | Reached skill level 4 in Fire Magic
  3878 | D:4      | Reached XP level 6. HP: 23/45 MP: 0/10
  3885 | D:4      | Noticed a thrashing horror
  3896 | D:4      | HP: 2/45 [thrashing horror[the touch of Lugonu] (5)]
  3898 | D:4      | Mangled by a thrashing horror

Illustrated notes

Levels and vault maps discovered:
D:1:      nagdon_arrival_double_spiral, layout_rooms,
          nicolae_ecumenical_lake_church
D:2:      layout_rooms
D:3:      cheibrodos_old_hovel, layout_loops_ring, mainiacjoe_overflow_alcove_4,
          bloody_makhleb, minmay_puff, uniq_terence, uniq_robin, uniq_natasha,
          uniq_ijyb
D:4:      minmay_octagon_keep, layout_cave_pools,
          nicolae_ru_sacrificial_ziggurat, lemuel_old_faithful, uniq_eustachio

Skill      XL: |  1  2  3  4  5 |
---------------+----------------+-----
Stealth        | 2 3 |  3.2
Dodging        | 2 3 |  3.1
Conjurations   | 2 |  2.7
Spellcasting   | 3 |  3.1
Fire Magic     | 4 |  4.0

Action                   |  1- 3 |  4- 6 || total
-------------------------+-------+-------++-------
Melee: Unarmed           |    19 |    30 ||    49
       Punch             |       |     1 ||     1
 Cast: Foxfire           |    69 |   103 ||   172
       Scorch            |       |     6 ||     6
  Use: Scroll            |       |     4 ||     4
       Potion            |       |     2 ||     2
Armor: Skin              |    25 |    39 ||    64
Dodge: Dodged            |    30 |    39 ||    69
